 Dungeon Crawl Stone Soup version 0.27.1-34-g3ba077fa99 (webtiles) character file.

Game seed: 4462843356692056181

275 boopmooplesden the Skirmisher (level 6, -9/56 HPs)
             Began as a Minotaur Fighter on Jan 27, 2022.
             Killed by nerve-wracking pain
             ... invoked by Grinder
              (14 damage)
             ... while paralysed by Grinder
             ... on level 4 of the Dungeon.
             The game lasted 00:04:33 (4180 turns).

boopmooplesden the Skirmisher (Minotaur Fighter)    Turns: 4180, Time: 00:04:34

Health: -9/56      AC: 10    Str: 21    XL:     6   Next: 3%
Magic:  5/5        EV:  2    Int:  5    God:
Gold:   168        SH:  0    Dex: 11    Spells: 5/5 levels left

rFire    . . .     SeeInvis .   a - +0 flail
rCold    . . .     Faith    .   c - +0 kite shield
rNeg     . . .     Spirit   .   k - +0 chain mail
rPois    .         Reflect  .   (helmet restricted)
rElec    .         Harm     .   (no cloak)
rCorr    .         Rampage  .   (no gloves)
Will     .....                  m - +0 pair of boots
Stlth    ..........             (no amulet)
HPRegen  0.18/turn              (no ring)
MPRegen  0.09/turn              (no ring)

@: paralysed, studying Maces & Flails
A: horns 2, retaliatory headbutt
a: no special abilities


You were on level 4 of the Dungeon.
You visited 1 branch of the dungeon, and saw 4 of its levels.

You collected 168 gold pieces.

Inventory:

Hand Weapons
 a - a +0 flail (weapon)
Armour
 b - a +0 scale mail
 c - a +0 kite shield (worn)
 g - a +0 tower shield
 k - a +0 chain mail (worn)
 m - a +0 pair of boots (worn)
Jewellery
 i - a ring of fire
Scrolls
 e - a scroll of fog
 j - a scroll of identify
 l - a scroll of blinking
Potions
 d - a potion of might
 f - a potion of curing
 h - a potion of haste {unknown}
 n - a potion of cancellation {unknown}


   Skills:
 + Level 5.0 Fighting
 + Level 5.0 Maces & Flails
 + Level 4.7 Armour
 + Level 2.1 Dodging
 + Level 0.3 Stealth
 + Level 4.8 Shields


You had 5 spell levels left.
You didn't know any spells.
Your spell library contained the following spells:

 Spells                   Type           Power      Damage    Failure   Level
 Sting                    Tmut/Pois      0%         1d3       100%        1
 Poisonous Vapours        Pois/Air       0%         N/A       100%        2
 Stone Arrow              Conj/Erth      0%         3d7       100%        3
 Animate Armour           Summ/Erth      0%         N/A       100%        4
 Olgreb's Toxic Radiance  Pois           0%         N/A       100%        4
 Lehudib's Crystal Spear  Conj/Erth      0%         10d2      100%        8


Dungeon Overview and Level Annotations

Branches:
Dungeon (4/15)
 Temple: D:4-7

Altars:

Annotations:
D:4 Grinder


Innate Abilities, Weirdness & Mutations

You have a pair of horns on your head.
You reflexively headbutt those who attack you in melee.


Message History

You can move again.
You hit Grinder.
Grinder is heavily wounded.
Grinder hits you but does no damage.
You barely miss Grinder. You headbutt Grinder!
Grinder is severely wounded.
Grinder hits you but does no damage.
You barely miss Grinder.
Grinder is severely wounded.
Grinder hits you but does no damage.
Grinder says, "DUCK!"
Grinder hits you but does no damage.
Unknown command.
You closely miss Grinder. Your headbutt misses Grinder.
Grinder is severely wounded.
Grinder hits you but does no damage.
You barely miss Grinder. Your headbutt misses Grinder.
Grinder is severely wounded.
Grinder hits you but does no damage.
You closely miss Grinder.
Grinder is severely wounded.
Grinder gestures at you. Pain shoots through your body!
* * * LOW HITPOINT WARNING * * *
Grinder gestures at you.
You suddenly lose the ability to move!
Grinder hits you but does no damage. Grinder hits you.
* * * LOW HITPOINT WARNING * * *
You writhe in agony.
* * * LOW HITPOINT WARNING * * *
Grinder hits you but does no damage.
Grinder says, "Tell me all your secrets, or I'll kill you."
Grinder gestures at you. Pain shoots through your body!
* * * LOW HITPOINT WARNING * * *
Grinder hits you but does no damage. Grinder gestures at you.
Pain shoots through your body!
You die...

#♣...P♣..≈#
#...♣♣♣.≈≈#.# #...♣
♣≈≈≈#.# ##'## #####.##
#...###...#..##
#...#.#...#...
#...'.'...#..
#...#.#...#5#
#..#...###...#@#
...##### ##'##.# #.#
#.##'## #.# #.....##
#.#### ##.....##
#.##.## ##......(#
###.#...####.........#
.......).).'.........+
###.#...####.........#


You could see Grinder.

Vanquished Creatures
  A phantom (D:4)
  A hound skeleton (D:4)
  Robin (D:4)
  3 gnolls (D:3)
  5 adders
  An adder skeleton (D:4)
  A worm (D:3)
  4 dart slugs
  An orc (D:4)
  14 ball pythons
  9 bats
  8 endoplasms
  4 giant cockroaches
  12 goblins
  6 hobgoblins
  6 jackals
  4 kobolds
  A quokka (D:3)
  2 frilled lizards
  5 rats
89 creatures vanquished.

Notes
Turn   | Place    | Note
-------+----------+-------------------------------------------
     0 | D:1      | boopmooplesden the Minotaur Fighter began the quest for the
                  | Orb.
     0 | D:1      | Reached XP level 1. HP: 19/19 MP: 0/0
   255 | D:1      | Reached XP level 2. HP: 27/27 MP: 1/1
   969 | D:1      | Reached XP level 3. HP: 30/33 MP: 2/2
  1109 | D:2      | Found a faded altar of an unknown god.
  1110 | D:2      | Noticed an eye of devastation
  1117 | D:2      | Noticed a shining eye
  1121 | D:2      | Noticed a golden eye
  1124 | D:2      | Noticed a great orb of eyes
  1696 | D:2      | Reached XP level 4. HP: 40/40 MP: 3/3
  2956 | D:3      | Reached skill level 1 in Dodging
  2959 | D:3      | Reached XP level 5. HP: 18/47 MP: 4/4
  3166 | D:3      | Identified a scroll of acquirement
  3166 | D:3      | Acquired a manual of Maces & Flails
  3487 | D:4      | Noticed a phantom
  3493 | D:4      | Killed a phantom
  3638 | D:4      | Reached skill level 5 in Fighting
  3841 | D:4      | Noticed Robin
  3854 | D:4      | Killed Robin
  3856 | D:4      | Reached skill level 5 in Maces & Flails
  3856 | D:4      | Reached XP level 6. HP: 38/56 MP: 5/5
  4158 | D:4      | Noticed Grinder
  4164 | D:4      | Paralysed by Grinder for 5 turns
  4174 | D:4      | Paralysed by Grinder for 7 turns
  4180 | D:4      | Killed from afar by Grinder

Illustrated notes

Levels and vault maps discovered:
D:1:      scummos_arrival_checkerplants, layout_basic
D:2:      layout_loops_ring, hellmonk_ecumenical_altar_watching_god, st_stairs_2
D:3:      layout_basic
D:4:      layout_loops_corners, ebering_ghost_sewer_d, nicolae_zen_rock_garden,
          uniq_grinder, uniq_robin

Skill      XL: |  1  2  3  4  5 |
---------------+----------------+-----
Armour         | 4 |  4.7
Fighting       | 4 5 |  5.0
Shields        | 4 |  4.8
Maces & Flails | 3 5 |  5.0
Dodging        | 1 2 |  2.1
Stealth        | |  0.3

Action                   |  1- 3 |  4- 6 || total
-------------------------+-------+-------++-------
Melee: Flail             |    95 |   113 ||   208
       Headbutt          |     9 |    14 ||    23
  Use: Scroll            |       |     6 ||     6
Armor: Scale mail        |    73 |    62 ||   135
       Chain mail        |       |    12 ||    12
Dodge: Dodged            |    35 |    33 ||    68
Block: Kite shield       |    68 |    74 ||   142
